 Dungeon Crawl Stone Soup version 0.27-a0-1219-g958d993ae5 (webtiles) character file.

Game seed: 10787143477356823048

177 ZappyNine the Grave Robber (level 5, -6/39 HPs)
             Began as a Mummy Necromancer on June 6, 2021.
             Mangled by a gnoll
             ... wielding a +0 whip
              (7 damage)
             ... on level 4 of the Dungeon.
             The game lasted 00:04:36 (4381 turns).

ZappyNine the Grave Robber (Mummy Necromancer)      Turns: 4381, Time: 00:04:37

Health: -6/39      AC:  2    Str: 12    XL:     5   Next: 31%
Magic:  3/11       EV: 12    Int: 15    God:
Gold:   53         SH:  0    Dex: 12    Spells: 9/13 levels left

rFire    x . .     SeeInvis .   d - +0 club
rCold    + . .     Faith    .   (no shield)
rNeg     + + +     Spirit   .   a - +0 robe
rPois    ∞         Reflect  .   (no helmet)
rElec    .         Harm     .   (no cloak)
rCorr    .         Rampage  .   (no gloves)
Will     .....                  (no boots)
Stlth    ++........             (no amulet)
HPRegen  0.13/turn              (no ring)
MPRegen  0.12/turn              (no ring)

@: no status effects
A: cold resistance 1, negative energy resistance 3, torment resistance 2, heat
vulnerability 1, no potions
a: no special abilities


You were on level 4 of the Dungeon.
You visited 1 branch of the dungeon, and saw 4 of its levels.

You collected 53 gold pieces.

Inventory:

Hand Weapons
 d - a +0 club (weapon)
Missiles
 e - 7 curare-tipped darts
Armour
 a - a +0 robe (worn)
Scrolls
 b - a scroll of enchant weapon {unknown}
 c - a scroll of teleportation {unknown}


   Skills:
 + Level 2.6 Fighting
 - Level 1.5 Dodging
 - Level 1.5 Stealth
 + Level 4.6 Spellcasting
 + Level 5.0 Necromancy


You had 9 spell levels left.
You knew the following spells:

 Your Spells              Type           Power      Damage    Failure   Level
a - Pain                  Necr           72%        1d7       2%          1
b - Vampiric Draining     Necr           9%         2d7       6%          3

Your spell library contained the following spells:

 Spells                   Type           Power      Damage    Failure   Level
 Animate Skeleton         Necr           36%        N/A       2%          1
 Animate Dead             Necr           9%         N/A       22%         4
 Agony                    Necr           18%        N/A       52%         5


Dungeon Overview and Level Annotations

Branches:
Dungeon (4/15)
 Temple: D:4-7

Altars:
Elyvilon
Makhleb

Shops:
D:4 (


Innate Abilities, Weirdness & Mutations

You are immune to poison.
Your flesh is cold resistant. (rC+)
You are immune to negative energy. (rN+++)
You are immune to unholy pain and torment.
You are vulnerable to heat. (rF-)
You do not drink.


Message History

Unknown command.
Casting: Vampiric Draining (dangerous; 6% risk of failure)
Confirm with . or Enter, or press ? or * to list all spells.
You don't have enough magic to cast this spell.
Unknown command.
Unknown command.
You hit the gnoll.
The gnoll is lightly wounded.
The gnoll hits you with a +0 whip.
You barely miss the gnoll.
The gnoll is lightly wounded.
The gnoll closely misses you. The gnoll barely misses you.
The quokka barely misses you.
Unknown command.
You hit the gnoll.
The gnoll is moderately wounded.
The quokka bites you. The gnoll barely misses you.
You hit the gnoll.
The gnoll is heavily wounded.
The quokka bites you.
* * * LOW HITPOINT WARNING * * *
The gnoll closely misses you. The quokka bites you.
* * * LOW HITPOINT WARNING * * *
You barely miss the gnoll.
The gnoll is heavily wounded.
The gnoll hits you with a +0 whip.
* * * LOW HITPOINT WARNING * * *
The quokka bites you but does no damage.
The gnoll hits you with a +0 whip.
* * * LOW HITPOINT WARNING * * *
Casting: Vampiric Draining (dangerous; 6% risk of failure)
Confirm with . or Enter, or press ? or * to list all spells.
You don't have enough magic to cast this spell.
Unknown command.
Unknown command.
You hit the gnoll.
The gnoll is severely wounded.
The quokka misses you. The quokka barely misses you.
The gnoll hits you with a +0 whip!
You die...

#......
###........
..#.........
..........#
##..$......#
#.........#
#.r.....#
#@g....#
##.∩..##
##...#
######.##
+...##..#
##... ##.#
'.. #.##
####'#####..#
#..P.P..###.#


You could see a gnoll and a quokka.

Vanquished Creatures
  2 hounds (D:4)
  Jessica (D:3)
  An adder (D:2)
  A worm (D:2)
  5 dart slugs
  7 endoplasms
  7 giant cockroaches
  6 hobgoblins
  5 jackals
  2 quokkas (D:1)
  5 ball pythons
  7 bats
  8 frilled lizards
  5 goblins
  3 kobolds
  4 rats
69 creatures vanquished.

Vanquished Creatures (others)
  4 toadstools (D:3)
4 creatures vanquished.

Grand Total: 73 creatures vanquished

Notes
Turn   | Place    | Note
-------+----------+-------------------------------------------
     0 | D:1      | ZappyNine the Mummy Necromancer began the quest for the
                  | Orb.
     0 | D:1      | Reached XP level 1. HP: 13/13 MP: 4/4
   499 | D:1      | Reached XP level 2. HP: 17/19 MP: 3/6
   895 | D:1      | Reached skill level 1 in Fighting
  1214 | D:1      | Found a faded altar of an unknown god.
  1357 | D:1      | Reached XP level 3. HP: 26/26 MP: 8/8
  1634 | D:1      | Learned a level 3 spell: Vampiric Draining
  2626 | D:2      | Reached XP level 4. HP: 28/33 MP: 10/10
  3445 | D:3      | Found a burning altar of Makhleb.
  3582 | D:3      | Noticed Jessica
  3598 | D:3      | Killed Jessica
  4306 | D:4      | Reached XP level 5. HP: 12/39 MP: 1/11
  4313 | D:4      | Reached skill level 5 in Necromancy
  4363 | D:4      | Found Wagucots's Antique Weapon Shop.
  4380 | D:4      | HP: 1/39 [gnoll/+0 whip (3)]
  4381 | D:4      | Mangled by a gnoll

Illustrated notes

Levels and vault maps discovered:
D:1:      matt_arrival_grand_opening, layout_loops_ring,
          shapermc_ecumenical_altar_mp_vishouse, roderic_roman_lattice,
          minmay_misc_feat_cross, chequers_serial_rivers_room_b,
          corexii_hall_statues_u, minmay_lizard_pond
D:2:      layout_basic
D:3:      layout_loops_ring, lemuel_doored_altar, amcnicky_altar_gilded,
          chequers_decorated_corner, minmay_gold_behind_fungi,
          chequers_serial_rivers_small_3, uniq_jessica
D:4:      layout_cave_pods, lemuel_tele_altar, old_standard_altar, serial_shops,
          shop, cheibrodos_gnoll_hut

Skill      XL: |  1  2  3  4  5 |
---------------+----------------+-----
Spellcasting   | 3 4 |  4.6
Fighting       | 1 2 |  2.6
Necromancy     | 5 |  5.0
Dodging        | |  1.5
Stealth        | |  1.5

Action                   |  1- 3 |  4- 6 || total
-------------------------+-------+-------++-------
Melee: Club              |    99 |    98 ||   197
 Cast: Pain              |    46 |    15 ||    61
       Vampiric Draining |     3 |     7 ||    10
 Stab: Sleeping          |     5 |     2 ||     7
Armor: Robe              |    28 |    25 ||    53
Dodge: Dodged            |    81 |    92 ||   173

Table legend: (Time is in decaauts)
 A = Elapsed time spent in this place.
 B = Non-inter-level travel time spent in this place.
 C = Inter-level travel time spent in this place.
 D = Time resting spent in this place.
 E = Time spent auto-exploring this place.
 F = Levels seen in this place.
 G = Mean time per level.
                   A        B        C        D        E       F      G
               +--------+--------+--------+--------+--------+-----+--------+
         Total |   4448 |   4369 |     79 |    807 |   2930 |   4 | 1112.0 |
       Dungeon |   4448 |   4369 |     79 |    807 |   2930 |   4 | 1112.0 |
               +--------+--------+--------+--------+--------+-----+--------+

Top non-repeatable levels by time:
     D:1: 1928 daAuts
     D:3: 1282 daAuts
     D:2: 1077 daAuts
     D:4: 160 daAuts
